Map: Aire du défenseur EC

Players

RedBaron - Winner!

  • Race: Zerg Zerg
  • Spawn Location: 7:00

VOD

Have the link to the VOD?

Description

Time

  • Played on: May 10, 2017, 11:39 a.m.
  • Length: 7:29
Show
View Real Time Build Order
Export as new Build Order

RedBaron Zerg - Winner!

Build Orders: Hatch First 

Get SALT Encoding   

  12  0:03  Drone  
  12  0:16  Overlord  
  12  0:19  Drone  
  12  0:34  Drone x2  
  12  0:38  Drone  
  12  0:57  Hatchery  
  12  1:00  Drone  
  12  1:03  Extractor  
  12  1:05  Drone  
  12  1:21  Spawning Pool  
  12  1:24  Drone  
  12  1:28  Drone  
  12  1:33  Drone  
  12  1:58  Hatchery  
  12  2:01  Drone  
  12  2:04  Drone  
  12  2:15  Queen  
  12  2:25  Queen  
  12  2:32  Metabolic Boost  
  12  2:36  Zergling x2  
  12  2:42  Overlord  
  12  2:52  Drone x2  
  12  2:57  Drone  
  12  3:02  Queen  
  12  3:13  Evolution Chamber  
  12  3:14  Drone x2  
  12  3:18  Drone  
  12  3:27  Drone x3  
  12  3:32  Overlord  
  12  3:39  Drone x3  
  12  3:47  Spore Crawler  
  12  3:52  Roach Warren  
  12  3:55  Spore Crawler  
  12  3:57  Drone  
  12  4:03  Zerg Ground Armor Level 1  
  12  4:05  Drone  
  12  4:08  Drone  
  12  4:19  Drone x3  
  12  4:27  Overlord  
  12  4:37  Roach x2, Zergling x2  
  12  4:40  Roach x2  
  12  4:44  Queen  
  12  4:46  Lair  
  12  4:50  Zergling x2  
  12  4:53  Drone x3  
  12  4:55  Extractor  
  12  5:04  Extractor  
  12  5:05  Drone x3  
  12  5:07  Overlord x2  
  12  5:28  Drone  
  12  5:32  Drone x2  
  12  5:42  Roach  
  12  5:43  Roach x6  
  12  5:48  Overlord x2  
  12  5:49  Overlord  
  12  5:51  Glial Reconstitution  
  12  6:02  Overlord x2  
  12  6:06  Ravager  
  12  6:07  Ravager x2  
  12  6:09  Zergling x8  
  12  6:11  Zergling x6  
  12  6:12  Zergling x6  
  12  6:18  Overlord  
  12  6:19  Overlord  
  12  6:29  Ravager  
  12  6:30  Ravager  
  12  6:31  Zergling x2  
  12  6:32  Zergling x12  
  12  6:39  Roach  
  12  6:40  Roach  
  12  6:46  Roach  
  12  6:47  Roach x2  
  12  6:48  Roach  
  12  6:54  Roach x2  
  12  6:58  Zergling x6  
  12  6:59  Zergling x2  
  12  7:03  Zergling x4  
  12  7:10  Overlord  
  12  7:11  Overlord  
Tags
 
Add a new tag
Caveats
  • Supply blocks, unpowered buildings, or Contaminate may cause inaccurate times.
  • Supply counts are checked every 10 seconds.